AoeStats
← ITA | GiaggiaZena

Black Forest

509741057Analyzed
4v4 RM · 5d ago on Sep 27, 2026· 42m 58s· 8 players
Game mode
Random Map
Map size
Large (8 player)
Population
200
Speed
Normal
Resources
Standard
Victory
Conquest
Starting age
Dark Age
Ending age
Imperial Age
RankedLock teamsTeams togetherTeam positionsShared explorationLock speedFull tech treeHidden civsTurbo modeCheats
Victory
Defeat
🇨🇴 Maya · Colombia
1502
+13
1410
+16
🇫🇮 Saracens · Finland
1364
+18
🇩🇪 Romans · Germany
1346
+20
🇵🇹 Malians · Portugal
1424
-17
🇬🇧 Spanish · United Kingdom
1422
-17
🇩🇪 Bohemians · Germany
1418
-17
🇮🇹 Inca · Italy
1413
-16
ryocallan
2:28 Loom
13:00 Feudal Age
16:55 Castle Age
15:51 Double-Bit Axe
17:46 Town Watch
20:37 Bow Saw
25:35 Caravan
32:25 Imperial Age
29:41 Fishing Lines
30:55 Gillnets
31:21 Stone Mining
32:26 Wheelbarrow
31:57 Padded Archer Armor
32:46 Horse Collar
33:43 Leather Archer Armor
34:39 Conscription
33:41 Elite Conquistador
35:06 Hand Cart
35:55 Chemistry
35:09 Fortified Wall
36:03 Conscription
35:26 Elite Conquistador
36:40 Bloodlines
36:30 Husbandry
37:23 Cavalier
38:37 Scale Barding Armor
40:50 Chain Barding Armor
42:12 Plate Barding Armor
40:59 Light Cavalry
42:20 Forging
pmpc
0:57 Loom
11:24 Feudal Age
11:33 Man-at-Arms
12:02 Arson
12:41 Arson
13:19 Double-Bit Axe
13:46 Fletching
13:49 Horse Collar
20:12 Castle Age
20:03 Gold Mining
20:07 Stone Mining
21:25 Wheelbarrow
21:33 Bow Saw
21:32 Heavy Plow
24:34 Hand Cart
24:15 Town Watch
25:52 Caravan
28:46 Gold Shaft Mining
32:35 Imperial Age
30:30 Scale Barding Armor
30:36 Bloodlines
30:53 Forging
31:07 Husbandry
32:27 Chain Barding Armor
32:44 Iron Casting
32:43 Light Cavalry
32:52 Cavalier
33:54 Conscription
33:57 Masonry
33:28 Treadmill Crane
34:27 Plate Barding Armor
34:50 Farimba
36:18 Chemistry
36:45 Bodkin Arrow
37:36 Crop Rotation
39:30 Ballistics
41:45 Guilds
ITA | GiaggiaZena
7:56 Loom
10:30 Feudal Age
11:08 Double-Bit Axe
19:48 Castle Age
17:48 Fishing Lines
20:46 Gillnets
23:07 Bow Saw
23:45 Horse Collar
25:26 Wheelbarrow
29:08 Imperial Age
27:12 Fletching
28:01 Bodkin Arrow
28:07 Scale Mail Armor
29:22 Forging
29:16 Capped Ram
30:19 Chain Mail Armor
31:27 Iron Casting
31:42 Onager
33:42 Plate Mail Armor
38:21 Blast Furnace
38:08 Conscription
37:52 Squires
37:13 Champi Runner
37:39 Arson
38:32 Champi Warrior
39:42 Bracer
39:18 Elite Champi Warrior
tH_cept
12:49 Feudal Age
13:04 Loom
18:00 Castle Age
16:44 Double-Bit Axe
17:47 Fishing Lines
19:04 Bow Saw
19:47 Wheelbarrow
23:00 Hand Cart
23:16 Gillnets
26:03 Town Watch
30:14 Imperial Age
28:19 Caravan
29:38 Chemistry
30:14 Horse Collar
30:36 Scale Mail Armor
30:20 Houfnice
30:29 Pikeman
31:46 Chain Mail Armor
31:42 Forging
32:49 Siege Engineers
33:58 Conscription
33:16 Halberdier
35:01 Plate Mail Armor
35:07 Iron Casting
38:32 Masonry
38:18 Murder Holes
38:17 Fletching
39:29 Blast Furnace
38:58 Elite Hussite Wagon
Flash
1:17 Loom
13:05 Feudal Age
16:58 Castle Age
15:28 Double-Bit Axe
18:02 Bow Saw
20:35 Fishing Lines
21:19 Horse Collar
22:47 Gillnets
24:27 Wheelbarrow
23:57 Gillnets
26:04 Hand Cart
29:59 Imperial Age
27:38 Scale Barding Armor
27:55 Fortified Wall
27:49 Gold Mining
27:52 Stone Mining
28:07 Heavy Plow
29:05 Chain Barding Armor
29:57 Gold Shaft Mining
29:36 Bloodlines
29:26 Husbandry
29:51 Forging
31:48 Plate Barding Armor
32:14 Two-Man Saw
30:41 Elite Mameluke
31:41 Conscription
32:05 Iron Casting
32:15 Conscription
33:42 Chemistry
34:49 Blast Furnace
37:46 Caravan
43:25 Masonry
Get Sum
11:41 Feudal Age
13:11 Double-Bit Axe
15:34 Castle Age
14:02 Horse Collar
16:30 Bow Saw
20:47 Wheelbarrow
20:27 Heavy Plow
21:59 Fishing Lines
22:58 Gillnets
23:49 Stone Mining
23:49 Gold Mining
24:40 Loom
25:15 Hand Cart
26:48 Town Watch
28:58 Gold Shaft Mining
31:32 Imperial Age
29:14 Scale Mail Armor
29:08 Man-at-Arms
30:00 Forging
30:40 Chain Mail Armor
29:54 Long Swordsman
30:34 Squires
29:57 Pikeman
32:09 Iron Casting
31:37 Legionary
31:50 Onager
32:37 Town Patrol
33:30 Comitatenses
33:31 Conscription
33:38 Conscription
33:41 Comitatenses
34:24 Blast Furnace
33:15 Fletching
34:22 Bodkin Arrow
37:17 Elite Centurion
38:02 Scale Barding Armor
38:11 Bloodlines
38:02 Husbandry
37:23 Light Cavalry
39:06 Chain Barding Armor
39:41 Halberdier
41:24 Plate Barding Armor
[CANTINAMX] | Vintar Khan
0:49 Loom
12:06 Feudal Age
16:29 Castle Age
15:17 Double-Bit Axe
15:15 Horse Collar
24:06 Wheelbarrow
24:16 Heavy Plow
24:08 Town Watch
27:10 Gold Mining
27:11 Stone Mining
28:28 Ballistics
29:01 Fletching
29:12 Padded Archer Armor
29:54 Fortified Wall
32:54 Imperial Age
30:41 Hand Cart
30:40 Fletching
30:50 Padded Archer Armor
31:37 Bow Saw
31:48 Fortified Wall
31:44 Bodkin Arrow
31:56 Murder Holes
32:59 Devotion
33:19 Leather Archer Armor
33:44 Bracer
34:46 Chemistry
34:24 Conscription
35:17 Yeomen
34:18 Elite Longbowman
36:34 Hoardings
37:42 Ring Archer Armor
38:01 Treadmill Crane
38:26 Siege Engineers
40:49 Gold Shaft Mining
42:11 Scale Mail Armor
42:22 Forging
41:35 Pikeman
42:15 Squires
42:28 Arson
42:03 Halberdier
Istar
12:00 Feudal Age
16:37 Castle Age
14:19 Fishing Lines
14:34 Double-Bit Axe
17:11 Gillnets
17:35 Bow Saw
19:04 Wheelbarrow
22:11 Horse Collar
24:09 Heavy Plow
26:28 Hand Cart
30:00 Imperial Age
27:37 Stone Mining
28:44 Fletching
28:55 Padded Archer Armor
29:14 Fortified Wall
30:20 Stone Shaft Mining
29:37 Gold Mining
30:02 Loom
30:03 Town Watch
30:19 Elite Plumed Archer
32:10 Conscription
31:55 Bodkin Arrow
32:16 Leather Archer Armor
32:22 Ballistics
33:02 Chemistry
32:42 Conscription
32:55 Caravan
33:38 Hoardings
33:46 Bracer
34:17 Ring Archer Armor
33:30 Onager
37:49 Scale Mail Armor
38:00 Forging
38:11 Squires
37:56 Arson
37:32 Eagle Warrior
39:26 Two-Man Saw
38:56 Thumb Ring
39:23 Chain Mail Armor
40:08 Iron Casting
40:06 Holcans
40:48 Plate Mail Armor
40:26 Treadmill Crane
42:50 Blast Furnace
41:29 Elite Eagle Warrior
Connection lost

Rejoining the realm…

Still unreachable

The connection could not be restored.

Session expired

The server has moved on; the page needs a fresh start.